 Dungeon Crawl Stone Soup version 0.27.1-2-g3b301248ec (webtiles) character file.

Game seed: 15176042550236210799

2362 Borgoz the Skirmisher (level 9, -2/85 HPs)
             Began as a Gargoyle Berserker on Sept 24, 2021.
             Was a High Priest of Trog.
             Slain by a manticore (8 damage)
             ... on level 7 of the Dungeon.
             The game lasted 00:05:55 (7065 turns).

Borgoz the Skirmisher (Gargoyle Berserker)          Turns: 7065, Time: 00:05:56

Health: -2/85      AC: 13    Str: 28    XL:     9   Next: 44%
Magic:  9/9        EV: 13    Int:  7    God:    Trog [*****.]
Gold:   258        SH:  0    Dex: 12    Spells: 8/8 levels left

rFire    . . .     SeeInvis .   b - +4 flail (drain)
rCold    + . .     Faith    .   (no shield)
rNeg     + . .     Spirit   .   r - +0 troll leather armour
rPois    ∞         Reflect  .   (no helmet)
rElec    +         Harm     .   (no cloak)
rCorr    .         Rampage  .   n - +0 pair of gloves
Will     .....                  (no boots)
Stlth    ..........             (no amulet)
HPRegen  1.24/turn              c - +6 ring of strength
MPRegen  0.11/turn              s - ring of protection from cold

@: berserking, spiked, very quick
A: sickness immunity, AC +6, negative energy resistance 1, electricity
resistance, torment resistance 1, petrification resistance
a: Renounce Religion, Berserk, Trog's Hand, Brothers in Arms


You were on level 7 of the Dungeon.
You worshipped Trog.
Trog was extremely pleased with you.
You visited 1 branch of the dungeon, and saw 7 of its levels.

You collected 258 gold pieces.

Inventory:

Hand Weapons
 a - a +0 vorpal flail
 b - a +4 flail of draining (weapon)
Armour
 m - a +0 ring mail
 n - a +0 pair of gloves (worn)
 r - a +0 troll leather armour (worn)
Jewellery
 c - a +6 ring of strength (left hand)
 s - a ring of protection from cold (right hand)
Scrolls
 f - a scroll of immolation {unknown}
 g - a scroll of amnesia {unknown}
 k - 2 scrolls of identify {unknown}
 o - 2 scrolls of magic mapping {unknown}
 p - a scroll of teleportation {unknown}
 q - a scroll of enchant weapon {unknown}
Potions
 d - 2 potions of curing
 e - a potion of attraction {unknown}
 h - a potion of brilliance {unknown}
 i - 2 potions of heal wounds {unknown}
 j - a potion of haste {unknown}
 l - a potion of flight {unknown}


   Skills:
 + Level 7.5 Fighting
 + Level 6.9 Maces & Flails
 + Level 7.1 Armour
 + Level 5.3 Dodging


You had 8 spell levels left.
You didn't know any spells.
Your spell library was empty.

Dungeon Overview and Level Annotations

Branches:
Dungeon (7/15)
 Temple: D:4-7

Altars:
Elyvilon
Fedhas
Gozag
Hepliaklqana
Okawaru
Qazlal
Uskayaw
Wu Jian
Xom
Yredelemnul

Shops:
D:3 [

Annotations:
D:4 Blork the orc


Innate Abilities, Weirdness & Mutations

You are immune to sickness and miasma.
Your stone body is resilient. (AC +6)
You are immune to poison.
You resist negative energy. (rN+)
You are resistant to electric shocks. (rElec)
You are resistant to unholy torment.
You are immune to petrification.


Message History

The centaur skeleton closely misses you.
The centaur skeleton kicks you but does no damage.
You barely miss the iguana.
The iguana is severely wounded.
The manticore misses you.
The manticore claws you but does no damage.
The manticore claws you!
The centaur skeleton hits you but does no damage.
The centaur skeleton kicks you but does no damage.
The iguana bites you but does no damage.
You hit the iguana.
You kill the iguana!
Trog accepts your kill. The centaur skeleton barely misses you.
The centaur skeleton kicks you but does no damage.
The manticore bites you! The manticore claws you!
* * * LOW HITPOINT WARNING * * *
The manticore claws you.
* * * LOW HITPOINT WARNING * * *
You are too injured to fight recklessly!
You are too injured to fight recklessly!
It was a potion of curing.
You feel better.
The centaur skeleton hits you but does no damage.
The centaur skeleton kicks you but does no damage.
The manticore bites you but does no damage.
The manticore barely misses you. The manticore claws you.
* * * LOW HITPOINT WARNING * * *
The centaur skeleton misses you.
The centaur skeleton kicks you but does no damage.
A red film seems to cover your vision as you go berserk!
You feel yourself moving faster!
You feel mighty! The manticore bites you!
* * * LOW HITPOINT WARNING * * *
The manticore barely misses you. The manticore claws you.
* * * LOW HITPOINT WARNING * * *
The centaur skeleton hits you but does no damage.
The centaur skeleton kicks you but does no damage.
You thump the manticore! You drain the manticore.
The manticore is moderately wounded.
The manticore barely misses you. The manticore claws you!
You die...

### #..
#.#######
#........
#....=...
#.......)
#........
#@H......
#†Z......
.........
##.....$..
.........
#........
#########


You could see a manticore (drained) and a centaur skeleton.

Vanquished Creatures
  A troll (D:6)
  A vampire mosquito (D:5)
  A black bear (D:6)
  3 ogres
  A centaur (D:5)
  A phantom (D:5)
  6 scorpions
  A water moccasin zombie (D:5)
  A water moccasin skeleton (D:6)
  2 howler monkeys (D:5)
  A bullfrog zombie (D:5)
  3 centaur skeletons (D:5)
  5 hounds
  2 orc priests (D:3)
  4 bullfrog skeletons
  A gnoll shaman (D:5)
  5 scorpion zombies
  2 iguanas
  2 orc wizards
  2 hound zombies (D:4)
  A hound skeleton (D:5)
  4 adders (D:5)
  6 gnolls
  A white imp (D:5)
  An adder zombie (D:4)
  An adder skeleton (D:4)
  8 dart slugs
  20 orcs
  5 bats
  9 endoplasms
  5 giant cockroaches
  10 goblins
  8 hobgoblins
  5 jackals
  3 kobolds
  3 quokkas
  9 ball pythons
  7 frilled lizards
  A quokka zombie (D:4)
  5 rats
157 creatures vanquished.

Vanquished Creatures (others)
  An orc wizard (D:5)
  3 withered plants (D:4)
4 creatures vanquished.

Grand Total: 161 creatures vanquished

Notes
Turn   | Place    | Note
-------+----------+-------------------------------------------
     0 | D:1      | Borgoz the Gargoyle Berserker began the quest for the Orb.
     0 | D:1      | Reached XP level 1. HP: 14/14 MP: 1/1
   382 | D:1      | Reached XP level 2. HP: 15/19 MP: 2/2
   686 | D:1      | Found a faded altar of an unknown god.
   810 | D:1      | Reached XP level 3. HP: 18/23 MP: 3/3
  1079 | D:1      | Reached ** piety under Trog
  1891 | D:2      | Reached XP level 4. HP: 20/29 MP: 4/4
  2586 | D:3      | Found Foiskoec's Armour Shoppe.
  2665 | D:3      | Reached XP level 5. HP: 33/33 MP: 5/5
  2763 | D:3      | Reached *** piety under Trog
  2992 | D:3      | Reached XP level 6. HP: 36/39 MP: 6/6
  3559 | D:4      | Reached skill level 5 in Fighting
  3559 | D:4      | Reached XP level 7. HP: 44/44 MP: 7/7
  3913 | D:4      | Reached skill level 5 in Maces & Flails
  4112 | D:4      | Reached skill level 5 in Armour
  4130 | D:4      | Found a shimmering altar of Xom.
  4132 | D:4      | Found an ornate altar of the Wu Jian Council.
  4133 | D:4      | Found a stormy altar of Qazlal.
  4143 | D:4      | Found a hide-covered altar of Uskayaw.
  4146 | D:4      | Found a blossoming altar of Fedhas.
  4369 | D:4      | Noticed Blork the orc
  4587 | D:5      | Entered Level 5 of the Dungeon
  4595 | D:5      | Reached XP level 8. HP: 45/51 MP: 8/8
  4659 | D:5      | Reached **** piety under Trog
  5060 | D:5      | Found a white marble altar of Elyvilon.
  5266 | D:5      | Found a transporter.
  5267 | D:5      | Found an opulent altar of Gozag.
  5267 | D:5      | Found a basalt altar of Yredelemnul.
  5282 | D:5      | Found a transporter.
  5689 | D:5      | Reached XP level 9. HP: 49/56 MP: 9/9
  5765 | D:5      | Reached skill level 5 in Dodging
  6012 | D:5      | Found a hazy altar of Hepliaklqana.
  6199 | D:6      | Noticed a troll
  6209 | D:6      | Killed a troll
  6209 | D:6      | Reached ***** piety under Trog
  6507 | D:6      | Found an iron altar of Okawaru.
  7053 | D:7      | Noticed a manticore
  7065 | D:7      | Slain by a manticore

Illustrated notes

Levels and vault maps discovered:
D:1:      doesnt_arrival_eight_statues, layout_basic,
          hellmonk_ecumenical_altar_run_dry
D:2:      cheibrodos_greedy_goblins, layout_rooms
D:3:      layout_loops_ring, serial_shops, shop
D:4:      cheibrodos_quashed, layout_basic, minmay_overflow_temple_star_hex,
          tgw_sif, serial_undead, serial_undead_b, serial_undead_c,
          serial_undead_a, serial_undead_f
D:5:      layout_rooms, nzn_hepliaklqana_mist_gate, elyvilon_altar_5,
          gammafunk_temple_overflow_arena, minmay_pentangle
D:6:      layout_loops_corners, okawaru_altar_gauntlet_db
D:7:      layout_basic, minmay_temple_entry_statues_fountains,
          gammafunk_ghost_grave

Skill      XL: |  1  2  3  4  5  6  7  8  9 |
---------------+----------------------------+-----
Dodging        | 2 3 4 5 |  5.3
Armour         | 3 4 5 6 7 |  7.1
Fighting       | 4 5 6 7 |  7.5
Maces & Flails | 4 5 6 |  6.9

Action                   |  1- 3 |  4- 6 |  7- 9 || total
-------------------------+-------+-------+-------++-------
Melee: Mace              |   139 |    23 |       ||   162
       Flail             |       |    72 |   279 ||   351
Invok: Berserk           |     2 |     2 |     6 ||    10
       Trog's Hand       |       |     1 |     1 ||     2
  Use: Potion            |       |       |     1 ||     1
 Stab: Sleeping          |     3 |     1 |       ||     4
Armor: Animal skin       |    60 |     7 |       ||    67
       Ring mail         |       |    25 |   194 ||   219
       Troll leather arm |       |       |    32 ||    32
Dodge: Dodged            |   127 |    61 |   292 ||   480
